 Dungeon Crawl Stone Soup version 0.26-b1-32-g5d43845318 (webtiles) character file.

Game seed: 15908254705551292773

2 EnegeticOcto the Sneak (level 1, -4/20 HPs)
             Began as a Deep Dwarf Delver on Jan 13, 2021.
             Slain by an ogre
             ... wielding a +0 giant club
              (20 damage)
             ... on level 5 of the Dungeon.
             The game lasted 00:00:20 (60 turns).

EnegeticOcto the Sneak (Deep Dwarf Delver)            Turns: 60, Time: 00:00:21

Health: -4/20      AC:  3    Str: 15    XL:     1   Next: 25%
Magic:  1/1        EV: 12    Int: 10    God:
Gold:   40         SH:  0    Dex: 14    Spells: 0/0 levels left

rFire    . . .     SeeInvis .   a - +0 hand axe
rCold    . . .     Faith    .   (no shield)
rNeg     . . .     Spirit   .   b - +0 leather armour
rPois    .         Reflect  .   (no helmet)
rElec    .         Harm     .   (no cloak)
rCorr    .         Rampage  .   (no gloves)
Will     .....                  (no boots)
Stlth    +++.......             (no amulet)
HPRegen  0.00/turn              (no ring)
MPRegen  0.07/turn              (no ring)

@: non-regenerating
A: damage resistance, heal wounds, sense surroundings 1, no regeneration
a: Heal Wounds


You were on level 5 of the Dungeon.
You visited 1 branch of the dungeon, and saw 1 of its levels.

You collected 40 gold pieces.

Inventory:

Hand Weapons
 a - a +0 hand axe (weapon)
Armour
 b - a +0 leather armour (worn)
Wands
 g - a wand of digging (3) {@v3}
 i - a wand of paralysis (12)
Scrolls
 c - a scroll of fog
 d - a scroll of magic mapping {@r5}
 e - a scroll of fear
Potions
 f - a potion of haste {@q4}
 h - a potion of degeneration {unknown}
 j - a potion of flight {unknown}


   Skills:
 - Level 2.6 Fighting
 + Level 2.4 Axes
 - Level 2.1 Dodging
 - Level 6.0 Stealth


You couldn't memorise any spells.
You didn't know any spells.
Your spell library was empty.

Dungeon Overview and Level Annotations

Branches:
Dungeon (5/15)
 Temple: D:4-7

Altars:


Innate Abilities, Weirdness & Mutations

You are resistant to damage.
You can heal yourself by infusing magical energy.
You passively map a small area around you.
You do not regenerate.


Message History

Welcome, EnegeticOcto the Deep Dwarf Delver.
Will you prevail where others failed? Will you find the Orb of Zot?
Press ? for a list of commands and other information.
Found 8 gold pieces.
Found a stone staircase leading down and a stone staircase leading up.
Found 6 gold pieces.
You now have 8 gold pieces.
Found 18 gold pieces.
A leopard gecko comes into view.
The leopard gecko hisses angrily.
Found 14 gold pieces.
You hit the leopard gecko.
The leopard gecko is severely wounded.
The leopard gecko barely misses you.
You barely miss the leopard gecko.
The leopard gecko is severely wounded.
The leopard gecko barely misses you. x2
The leopard gecko barely misses you.
You miss the leopard gecko.
The leopard gecko is heavily wounded.
The leopard gecko bites you but does no damage.
You barely miss the leopard gecko.
The leopard gecko is heavily wounded.
The leopard gecko closely misses you. The leopard gecko barely misses you.
You barely miss the leopard gecko.
The leopard gecko is heavily wounded.
The leopard gecko bites you.
You hit the leopard gecko but do no damage.
The leopard gecko is heavily wounded.
The leopard gecko bites you. x2
You hit the leopard gecko.
You kill the leopard gecko!
No target in view!
Found a viscous inky potion.
You now have 22 gold pieces (gained 14).
h - a viscous inky potion You now have 40 gold pieces (gained 18).
Found a forked brass wand.
Found a stone staircase leading down.
Found a fuming amethyst potion.
i - a wand of paralysis (12)
A jackal comes into view. 2 jackals come into view.
A jackal and an ogre come into view.
You see here a fuming amethyst potion.
j - a fuming amethyst potion The ogre shouts!
The ogre hits you with a +0 giant club!!
Ouch! That really hurt!
You die...

#.# #.# ##...#.#......#
##.####.# ##.#.#...>..#
#..#....# #.#........##
......#.########............
###...................## *
*#...#..###########....####
........# #........ ,
........# ######....###..
......... #.O@......#*,
........#................h#
........######..........#..
, ........# #...........h#,
, ######.h..#h## , , ,
#......# , ...##..# *
*,..#*#.#


You could see an ogre and a jackal.

Vanquished Creatures
  A leopard gecko (D:5)
1 creature vanquished.

Notes
Turn   | Place    | Note
-------+----------+-------------------------------------------
     0 | D:5      | EnegeticOcto the Deep Dwarf Delver began the quest for the
                  | Orb.
     0 | D:5      | Reached XP level 1. HP: 20/20 MP: 1/1
    56 | D:5      | Noticed an ogre
    60 | D:5      | Slain by an ogre

Illustrated notes

Levels and vault maps discovered:
D:5:      layout_rooms, nicolae_tso_besieged_by_evil, serial_shops,
          nicolae_shop_competitors_out_of_business

Action                   || total
-------------------------++-------
Melee: Hand axe          ||     7
Armor: Leather armour    ||     1
Dodge: Dodged            ||     6
